[ AOE2 MATCH · #493803685 ]
UnrankedTurks vs Burmese
Player's team · LOSS
Rival team · WIN
[ REPLAY ANALYSIS · EXTRACTED FROM THE RECORDED GAME ]
Feudal
9:02
Castle
20:57
Imperial
44:54
| APM avg | 49.3 |
| APM peak | 90 |
| eAPM avg | 24.0 |
| Villagers / military | 198 / 312 |
Focus
⚔️ 45.8% · 🌾 54.2%
Cavalry Archer ×153 · Scout Cavalry ×140 · Bombard Cannon ×13 · Mangonel ×3 · Petard ×2 · Spearman ×1
Feudal
9:44
Castle
15:32
Imperial
45:04
| APM avg | 50.1 |
| APM peak | 88 |
| eAPM avg | 20.6 |
| Villagers / military | 143 / 248 |
Focus
⚔️ 43.4% · 🌾 56.6%
Arambai ×108 · Battle Elephant ×87 · Spearman ×34 · Battering Ram ×8 · Petard ×4 · Trebuchet (Packed) ×4
Match map
Initial resources + every placement click. Lines = walls · curves = elevation contours. ◆ gold · ⬟ stone · ● berries · ✦ relic · ◌ wall gap
Your base· ✓ Closed at 20:57 · 72t walls · no gate
Alexander's base· Open — unwalled flank
Smoothed initial terrain · ◌ = detected wall gap · hover for details
Inputs per minute
— AxD | Keiokenkun-Uno-Puro - - Alexander
Build order — AxD | Keiokenkun-Uno-Puro
First 150 of 781 actions detected
| 0:01 | Create | Villager (Male) |
| 0:01 | Create | Villager (Male) |
| 0:01 | Create | Villager (Male) |
| 0:04 | Build | House |
| 0:05 | Build | House |
| 0:09 | Create | Villager (Male) |
| 0:09 | Create | Villager (Male) |
| 1:34 | Create | Villager (Male) |
| 1:34 | Create | Villager (Male) |
| 1:45 | Create | Villager (Male) |
| 1:46 | Create | Villager (Male) |
| 1:51 | Build | Lumber Camp |
| 2:14 | Create | Villager (Male) |
| 2:15 | Create | Villager (Male) |
| 2:50 | Create | Villager (Male) |
| 3:09 | Build | House |
| 3:12 | Create | Villager (Male) |
| 3:12 | Create | Villager (Male) |
| 3:28 | Build | House |
| 3:45 | Build | House |
| 3:47 | Create | Villager (Male) |
| 3:47 | Create | Villager (Male) |
| 4:06 | Create | Villager (Male) |
| 4:07 | Create | Villager (Male) |
| 4:21 | Build | Mill |
| 4:44 | Create | Villager (Male) |
| 4:44 | Create | Villager (Male) |
| 5:03 | Create | Villager (Male) |
| 5:07 | Build | House |
| 5:16 | Create | Villager (Male) |
| 5:19 | Create | Villager (Male) |
| 5:19 | Create | Villager (Male) |
| 5:50 | Research | Loom |
| 6:43 | Create | Villager (Male) |
| 6:52 | Research | Feudal Age |
| 6:52 | Research | Feudal Age |
| 7:35 | Build | Barracks |
| 8:49 | Build | House |
| 8:52 | Create | Villager (Male) |
| 9:02 | Age | Feudal Age |
| 9:04 | Create | Villager (Male) |
| 9:04 | Create | Villager (Male) |
| 9:11 | Build | Stable |
| 9:30 | Create | Spearman |
| 9:36 | Create | Villager (Male) |
| 9:54 | Build | Farm |
| 9:54 | Build | Farm |
| 9:54 | Build | Farm |
| 9:54 | Build | Farm |
| 9:55 | Build | Farm |
| 10:06 | Research | Double-Bit Axe |
| 10:19 | Build | Farm |
| 10:38 | Create | Villager (Male) |
| 11:13 | Create | Villager (Male) |
| 11:34 | Create | Villager (Male) |
| 11:37 | Build | Farm |
| 11:37 | Build | Farm |
| 11:37 | Build | Farm |
| 11:37 | Build | Farm |
| 11:38 | Build | Farm |
| 11:38 | Build | Farm |
| 12:02 | Create | Villager (Male) |
| 12:10 | Build | Stone Wall |
| 12:17 | Build | House |
| 12:21 | Build | Mining Camp |
| 12:27 | Build | Stone Wall |
| 12:30 | Create | Villager (Male) |
| 12:37 | Create | Villager (Male) |
| 12:52 | Build | Mining Camp |
| 13:08 | Build | Stone Wall |
| 13:14 | Create | Villager (Male) |
| 13:30 | Build | Farm |
| 13:47 | Build | Stone Wall |
| 13:50 | Create | Villager (Male) |
| 13:54 | Build | Farm |
| 13:57 | Create | Villager (Male) |
| 14:22 | Build | Stone Wall |
| 14:23 | Build | Stone Wall |
| 14:34 | Build | Blacksmith |
| 14:36 | Create | Villager (Male) |
| 14:40 | Build | Farm |
| 14:49 | Build | Stone Wall |
| 15:20 | Create | Villager (Male) |
| 15:25 | Build | Stone Wall |
| 15:46 | Research | Town Watch |
| 16:00 | Build | Stone Wall |
| 16:20 | Create | Villager (Male) |
| 16:33 | Build | Market |
| 16:37 | Build | House |
| 16:44 | Build | Archery Range |
| 16:47 | Research | Fletching |
| 16:49 | Create | Villager (Male) |
| 16:51 | Research | Wheelbarrow |
| 16:58 | Build | Stone Wall |
| 17:00 | Build | Stone Wall |
| 17:06 | Build | Stone Wall |
| 17:12 | Research | Horse Collar |
| 17:21 | Build | Stone Wall |
| 17:21 | Build | Stone Wall |
| 17:22 | Build | Stone Wall |
| 17:45 | Build | House |
| 17:54 | Research | Gold Mining |
| 18:17 | Research | Castle Age |
| 18:17 | Research | Castle Age |
| 18:36 | Build | Archery Range |
| 19:05 | Build | Lumber Camp |
| 19:49 | Build | House |
| 19:52 | Build | Palisade Wall |
| 20:04 | Build | Farm |
| 20:07 | Research | Padded Archer Armor |
| 20:51 | Build | House |
| 20:57 | Age | Castle Age |
| 21:17 | Build | Castle |
| 21:18 | Create | Cavalry Archer |
| 21:18 | Create | Cavalry Archer |
| 21:18 | Create | Cavalry Archer |
| 21:26 | Build | Town Center |
| 21:35 | Create | Cavalry Archer |
| 21:35 | Create | Cavalry Archer |
| 21:43 | Build | Stone Wall |
| 21:48 | Build | Palisade Wall |
| 21:59 | Create | Villager (Male) |
| 22:04 | Build | House |
| 22:19 | Create | Villager (Male) |
| 22:28 | Create | Villager (Male) |
| 22:32 | Build | Palisade Gate |
| 22:45 | Create | Villager (Male) |
| 22:52 | Create | Villager (Male) |
| 22:59 | Create | Villager (Male) |
| 23:10 | Create | Villager (Male) |
| 23:16 | Create | Villager (Male) |
| 23:45 | Create | Cavalry Archer |
| 24:04 | Create | Villager (Male) |
| 24:09 | Build | Farm |
| 24:17 | Create | Villager (Male) |
| 24:31 | Create | Villager (Male) |
| 24:35 | Create | Cavalry Archer |
| 24:35 | Create | Cavalry Archer |
| 24:54 | Create | Villager (Male) |
| 25:06 | Create | Cavalry Archer |
| 25:06 | Create | Cavalry Archer |
| 25:11 | Create | Cavalry Archer |
| 25:11 | Create | Cavalry Archer |
| 25:25 | Create | Cavalry Archer |
| 25:34 | Create | Villager (Male) |
| 25:36 | Create | Cavalry Archer |
| 25:36 | Create | Cavalry Archer |
| 25:39 | Create | Cavalry Archer |
| 25:48 | Create | Villager (Male) |
| 25:56 | Research | Bodkin Arrow |
Build order — Alexander
First 150 of 570 actions detected
| 0:00 | Create | Villager (Male) |
| 0:01 | Create | Villager (Male) |
| 0:02 | Build | House |
| 0:03 | Build | House |
| 0:14 | Create | Villager (Male) |
| 0:14 | Create | Villager (Male) |
| 1:24 | Create | Villager (Male) |
| 1:24 | Create | Villager (Male) |
| 1:47 | Build | Lumber Camp |
| 2:09 | Create | Villager (Male) |
| 2:24 | Create | Villager (Male) |
| 2:24 | Create | Villager (Male) |
| 2:51 | Create | Villager (Male) |
| 2:54 | Create | Villager (Male) |
| 3:30 | Build | House |
| 3:43 | Create | Villager (Male) |
| 3:43 | Create | Villager (Male) |
| 3:43 | Create | Villager (Male) |
| 4:16 | Create | Villager (Male) |
| 4:17 | Create | Villager (Male) |
| 4:28 | Build | Mill |
| 4:45 | Create | Villager (Male) |
| 5:49 | Create | Villager (Male) |
| 5:54 | Build | House |
| 6:17 | Create | Villager (Male) |
| 6:22 | Research | Loom |
| 6:24 | Create | Villager (Male) |
| 6:25 | Research | Loom |
| 6:41 | Build | Mining Camp |
| 7:32 | Research | Feudal Age |
| 7:54 | Build | Palisade Wall |
| 8:01 | Build | Palisade Wall |
| 8:02 | Build | Palisade Wall |
| 8:03 | Build | Palisade Wall |
| 8:14 | Build | Palisade Wall |
| 8:20 | Build | Palisade Wall |
| 8:22 | Build | Palisade Wall |
| 9:43 | Create | Villager (Male) |
| 9:44 | Age | Feudal Age |
| 9:49 | Build | Market |
| 9:58 | Build | Palisade Wall |
| 10:00 | Build | Palisade Wall |
| 10:01 | Build | Palisade Wall |
| 10:03 | Build | Palisade Wall |
| 10:08 | Create | Villager (Male) |
| 10:20 | Build | Blacksmith |
| 10:53 | Build | Palisade Wall |
| 10:57 | Build | Palisade Wall |
| 10:58 | Build | Palisade Wall |
| 10:59 | Build | Palisade Wall |
| 11:01 | Build | Palisade Wall |
| 11:12 | Create | Villager (Male) |
| 11:26 | Build | Palisade Wall |
| 12:19 | Build | Palisade Wall |
| 12:22 | Build | Palisade Wall |
| 12:52 | Research | Castle Age |
| 13:11 | Build | House |
| 13:14 | Build | Palisade Wall |
| 13:22 | Build | Palisade Wall |
| 13:23 | Build | Palisade Wall |
| 13:25 | Build | Palisade Wall |
| 13:39 | Build | Palisade Wall |
| 13:50 | Build | Palisade Wall |
| 14:53 | Build | Palisade Wall |
| 14:59 | Build | Palisade Wall |
| 15:02 | Build | Palisade Wall |
| 15:03 | Build | Palisade Wall |
| 15:30 | Create | Villager (Male) |
| 15:30 | Create | Villager (Male) |
| 15:32 | Age | Castle Age |
| 15:40 | Build | Castle |
| 16:05 | Create | Villager (Male) |
| 16:11 | Build | Mining Camp |
| 16:22 | Build | Lumber Camp |
| 16:32 | Create | Arambai |
| 16:32 | Create | Arambai |
| 16:38 | Create | Villager (Male) |
| 16:44 | Build | Palisade Wall |
| 16:45 | Build | Palisade Wall |
| 16:46 | Build | Palisade Wall |
| 16:56 | Create | Arambai |
| 17:12 | Create | Petard |
| 17:16 | Create | Arambai |
| 17:36 | Build | Mining Camp |
| 17:43 | Build | Farm |
| 17:46 | Build | Farm |
| 17:49 | Build | Farm |
| 17:50 | Create | Villager (Male) |
| 17:51 | Create | Arambai |
| 18:05 | Create | Arambai |
| 18:19 | Create | Arambai |
| 18:45 | Create | Arambai |
| 18:49 | Build | Farm |
| 18:52 | Create | Villager (Male) |
| 18:55 | Build | Farm |
| 19:16 | Create | Arambai |
| 19:17 | Create | Arambai |
| 19:24 | Create | Villager (Male) |
| 19:30 | Build | House |
| 19:46 | Create | Arambai |
| 19:56 | Build | Monastery |
| 19:57 | Create | Villager (Male) |
| 20:21 | Create | Arambai |
| 20:23 | Create | Arambai |
| 20:23 | Create | Arambai |
| 20:40 | Create | Villager (Male) |
| 20:42 | Create | Arambai |
| 20:47 | Build | Farm |
| 20:56 | Build | Farm |
| 21:11 | Create | Arambai |
| 21:20 | Create | Villager (Male) |
| 21:23 | Create | Monk |
| 22:27 | Create | Arambai |
| 22:27 | Create | Arambai |
| 22:28 | Create | Villager (Male) |
| 22:28 | Create | Villager (Male) |
| 22:34 | Create | Monk |
| 23:31 | Create | Villager (Male) |
| 23:49 | Create | Arambai |
| 23:49 | Create | Arambai |
| 23:51 | Create | Villager (Male) |
| 23:52 | Create | Villager (Male) |
| 23:59 | Build | Siege Workshop |
| 24:07 | Create | Arambai |
| 24:07 | Create | Arambai |
| 24:09 | Research | Padded Archer Armor |
| 24:14 | Build | House |
| 24:16 | Build | House |
| 24:17 | Build | House |
| 24:19 | Build | House |
| 24:21 | Build | House |
| 24:52 | Create | Arambai |
| 24:53 | Create | Arambai |
| 25:25 | Create | Villager (Male) |
| 25:25 | Create | Villager (Male) |
| 25:48 | Create | Arambai |
| 25:49 | Create | Arambai |
| 25:58 | Create | Mangonel |
| 25:59 | Create | Battering Ram |
| 26:04 | Build | Outpost |
| 26:29 | Create | Arambai |
| 26:30 | Create | Arambai |
| 26:31 | Create | Villager (Male) |
| 26:32 | Create | Villager (Male) |
| 26:54 | Create | Villager (Male) |
| 26:55 | Build | Barracks |
| 26:57 | Build | Farm |
| 26:57 | Build | Farm |
| 26:59 | Research | Horse Collar |
| 27:10 | Build | Outpost |
Match timeline
| 7:35 | AxD | Keiokenkun-Uno-Puro · first_building Barracks |
| 7:54 | Alexander · wall_segment Palisade Wall x1 |
| 8:01 | Alexander · wall_segment Palisade Wall x1 |
| 8:02 | Alexander · wall_segment Palisade Wall x1 |
| 8:03 | Alexander · wall_segment Palisade Wall x1 |
| 8:14 | Alexander · wall_segment Palisade Wall x1 |
| 8:20 | Alexander · wall_segment Palisade Wall x1 |
| 8:22 | Alexander · wall_segment Palisade Wall x1 |
| 9:02 | AxD | Keiokenkun-Uno-Puro · age_up feudal |
| 9:11 | AxD | Keiokenkun-Uno-Puro · first_building Stable |
| 9:44 | Alexander · age_up feudal |
| 9:58 | Alexander · wall_segment Palisade Wall x1 |
| 10:00 | Alexander · wall_segment Palisade Wall x1 |
| 10:01 | Alexander · wall_segment Palisade Wall x1 |
| 10:03 | Alexander · wall_segment Palisade Wall x1 |
| 10:40 | Alexander · first_market_sell 100 stone |
| 10:53 | Alexander · wall_segment Palisade Wall x1 |
| 10:57 | Alexander · wall_segment Palisade Wall x1 |
| 10:58 | Alexander · wall_segment Palisade Wall x1 |
| 10:59 | Alexander · wall_segment Palisade Wall x1 |
| 11:01 | Alexander · wall_segment Palisade Wall x1 |
| 11:26 | Alexander · wall_segment Palisade Wall x1 |
| 11:52 | Alexander · first_market_buy 100 food |
| 12:10 | AxD | Keiokenkun-Uno-Puro · wall_segment Stone Wall x16 |
| 12:19 | Alexander · wall_segment Palisade Wall x1 |
| 12:22 | Alexander · wall_segment Palisade Wall x1 |
| 12:27 | AxD | Keiokenkun-Uno-Puro · wall_segment Stone Wall x17 |
| 13:08 | AxD | Keiokenkun-Uno-Puro · wall_segment Stone Wall x11 |
| 13:14 | Alexander · wall_segment Palisade Wall x1 |
| 13:22 | Alexander · wall_segment Palisade Wall x1 |
| 13:23 | Alexander · wall_segment Palisade Wall x1 |
| 13:25 | Alexander · wall_segment Palisade Wall x1 |
| 13:39 | Alexander · wall_segment Palisade Wall x1 |
| 13:47 | AxD | Keiokenkun-Uno-Puro · wall_segment Stone Wall x14 |
| 13:50 | Alexander · wall_segment Palisade Wall x1 |
| 14:22 | AxD | Keiokenkun-Uno-Puro · wall_segment Stone Wall x1 |
| 14:23 | AxD | Keiokenkun-Uno-Puro · wall_segment Stone Wall x1 |
| 14:49 | AxD | Keiokenkun-Uno-Puro · wall_segment Stone Wall x4 |
| 14:53 | Alexander · wall_segment Palisade Wall x2 |
| 14:59 | Alexander · wall_segment Palisade Wall x1 |
| 15:02 | Alexander · wall_segment Palisade Wall x1 |
| 15:03 | Alexander · wall_segment Palisade Wall x1 |
| 15:25 | AxD | Keiokenkun-Uno-Puro · wall_segment Stone Wall x5 |
| 15:32 | Alexander · age_up castle |
| 15:40 | Alexander · first_building Castle |
| 16:00 | AxD | Keiokenkun-Uno-Puro · wall_segment Stone Wall x1 |
| 16:44 | AxD | Keiokenkun-Uno-Puro · first_building Archery Range |
| 16:44 | Alexander · wall_segment Palisade Wall x1 |
| 16:45 | Alexander · wall_segment Palisade Wall x1 |
| 16:46 | Alexander · wall_segment Palisade Wall x1 |
| 16:58 | AxD | Keiokenkun-Uno-Puro · wall_segment Stone Wall x1 |
| 17:00 | AxD | Keiokenkun-Uno-Puro · wall_segment Stone Wall x1 |
| 17:06 | AxD | Keiokenkun-Uno-Puro · wall_segment Stone Wall x1 |
| 17:21 | AxD | Keiokenkun-Uno-Puro · wall_segment Stone Wall x1 |
| 17:21 | AxD | Keiokenkun-Uno-Puro · wall_segment Stone Wall x1 |
| 17:22 | AxD | Keiokenkun-Uno-Puro · wall_segment Stone Wall x1 |
| 19:52 | AxD | Keiokenkun-Uno-Puro · wall_segment Palisade Wall x1 |
| 19:56 | Alexander · first_building Monastery |
| 20:57 | AxD | Keiokenkun-Uno-Puro · age_up castle |
| 21:06 | AxD | Keiokenkun-Uno-Puro · first_market_buy 100 stone |
| 21:17 | AxD | Keiokenkun-Uno-Puro · first_building Castle |
| 21:21 | AxD | Keiokenkun-Uno-Puro · first_market_sell 100 food |
| 21:43 | AxD | Keiokenkun-Uno-Puro · wall_segment Stone Wall x1 |
| 21:48 | AxD | Keiokenkun-Uno-Puro · wall_segment Palisade Wall x1 |
| 23:59 | Alexander · first_building Siege Workshop |
| 26:55 | Alexander · first_building Barracks |
| 28:31 | AxD | Keiokenkun-Uno-Puro · wall_segment Stone Wall x1 |
| 28:31 | AxD | Keiokenkun-Uno-Puro · wall_segment Stone Wall x1 |
| 28:47 | Alexander · first_building Stable |
| 29:13 | AxD | Keiokenkun-Uno-Puro · wall_segment Stone Wall x1 |
| 31:27 | AxD | Keiokenkun-Uno-Puro · first_building Siege Workshop |
| 34:01 | AxD | Keiokenkun-Uno-Puro · wall_segment Stone Wall x1 |
| 34:02 | AxD | Keiokenkun-Uno-Puro · wall_segment Stone Wall x1 |
| 34:03 | AxD | Keiokenkun-Uno-Puro · wall_segment Stone Wall x1 |
| 36:32 | Alexander · wall_segment Palisade Wall x1 |
| 37:50 | AxD | Keiokenkun-Uno-Puro · wall_segment Stone Wall x1 |
| 37:51 | AxD | Keiokenkun-Uno-Puro · wall_segment Stone Wall x1 |
| 37:52 | AxD | Keiokenkun-Uno-Puro · wall_segment Stone Wall x1 |
| 37:53 | AxD | Keiokenkun-Uno-Puro · wall_segment Stone Wall x1 |
| 39:07 | AxD | Keiokenkun-Uno-Puro · wall_segment Stone Wall x1 |
| 39:08 | AxD | Keiokenkun-Uno-Puro · wall_segment Stone Wall x1 |
| 44:34 | AxD | Keiokenkun-Uno-Puro · wall_segment Stone Wall x9 |
| 44:54 | AxD | Keiokenkun-Uno-Puro · age_up imperial |
| 45:04 | Alexander · age_up imperial |
| 48:07 | AxD | Keiokenkun-Uno-Puro · wall_segment Stone Wall x1 |
| 48:09 | AxD | Keiokenkun-Uno-Puro · wall_segment Stone Wall x1 |
| 48:10 | AxD | Keiokenkun-Uno-Puro · wall_segment Stone Wall x1 |
| 48:12 | AxD | Keiokenkun-Uno-Puro · wall_segment Stone Wall x1 |
| 48:16 | AxD | Keiokenkun-Uno-Puro · wall_segment Stone Wall x1 |
| 48:18 | AxD | Keiokenkun-Uno-Puro · wall_segment Stone Wall x1 |
| 48:19 | AxD | Keiokenkun-Uno-Puro · wall_segment Stone Wall x1 |
| 50:36 | AxD | Keiokenkun-Uno-Puro · wall_segment Stone Wall x1 |
| 52:55 | Alexander · wall_segment Palisade Wall x1 |
| 63:33 | AxD | Keiokenkun-Uno-Puro · wall_segment Stone Wall x1 |
| 63:35 | AxD | Keiokenkun-Uno-Puro · wall_segment Stone Wall x1 |
| 73:07 | AxD | Keiokenkun-Uno-Puro · resign |
[ AI ANALYSIS · 1 CREDIT ]
What really happened in this match?
Wolo.gg analyzes every decision: build order, eco, micro, common mistakes by bracket. Personalized analysis on WhatsApp or Discord in 30 seconds.
Civ guide
Turks
Perfil
AxD | Keiokenkun-Uno-Puro